 Dungeon Crawl Stone Soup version 0.20-a0-544-g2b9a704 (webtiles) character file.

151 inmateoo the Skirmisher (level 5, -12/42 HPs)
             Began as a Barachian Fighter on Feb 1, 2017.
             Killed from afar by Ijyb (17 damage)
             ... with a wand of lightning (?/15)
             ... on level 3 of the Dungeon.
             The game lasted 00:02:22 (2132 turns).

inmateoo the Skirmisher (Barachian Fighter)         Turns: 2132, Time: 00:02:22

Health: -12/42     AC: 10    Str: 15    XL:     5   Next: 33%
Magic:  5/5        EV:  4    Int:  6    God:
Gold:   151        SH:  9    Dex: 11    Spells: 4/4 levels left

rFire    . . .     SeeInvis .   a - +0 war axe
rCold    + . .     Gourm    .   l - +1 chain mail {rC+}
rNeg     . . .     Faith    .   c - +0 shield
rPois    .         Spirit   .   (no helmet)
rElec    .         Reflect  .   (no cloak)
rCorr    .         Harm     .   (no gloves)
MR       .....                  (no boots)
Stlth    ..........             (no amulet)
Regen    0.2/turn               (no ring)
                                (no ring)

@: slow
A: swims, slowness 1, strong legs 1
a: Hop


You were on level 3 of the Dungeon.
You were not hungry.

You visited 1 branch of the dungeon, and saw 3 of its levels.

You collected 151 gold pieces.

Inventory:

Hand Weapons
 a - a +0 war axe (weapon)
Armour
 c - a +0 shield (worn)
 l - a +1 chain mail of cold resistance (worn)
Scrolls
 b - a scroll of amnesia {unknown}
 h - 4 scrolls of identify {unknown}
 i - 2 scrolls of teleportation {unknown}
 j - a scroll of recharging {unknown}
 o - a scroll of enchant weapon {unknown}
 p - a scroll of blinking {unknown}
 r - a scroll of random uselessness {unknown}
Potions
 d - 2 potions of might
 e - 3 potions of curing {unknown}
 g - a potion of agility {unknown}
 k - a potion of brilliance {unknown}
 m - 3 potions of heal wounds {unknown}
Comestibles
 f - 2 bread rations
 n - a meat ration
 q - a chunk of flesh


   Skills:
 - Level 4.0 Fighting
 * Level 3.6 Axes
 - Level 4.0 Armour
 + Level 3.9 Shields


You had 4 spell levels left.
You didn't know any spells.

Dungeon Overview and Level Annotations

Branches:
Dungeon (3/15)

Altars:
Qazlal
Vehumet

Annotations:
D:3 Ijyb


Innate Abilities, Weirdness & Mutations

You can swim through water.
You cover ground slowly.
You can hop short distances.


Message History

You closely miss Ijyb.
Ijyb is heavily wounded.
You block Ijyb's attack. x2
Your chain mail prevents you from hitting Ijyb.
Ijyb is heavily wounded.
You block Ijyb's attack.
Your chain mail prevents you from hitting Ijyb.
Ijyb is heavily wounded.
Ijyb hits you but does no damage.
Your shield and chain mail prevent you from hitting Ijyb.
Ijyb is heavily wounded.
Ijyb hits you but does no damage.
Ijyb zaps a wand.
The bolt of lightning hits you!
Ouch! That really hurt!
* * * LOW HITPOINT WARNING * * *
You are too injured to fight recklessly!
You closely miss Ijyb.
Ijyb is heavily wounded.
Ijyb zaps a wand.
The bolt of lightning hits you!
You die...

...##.....##....................#
#..........#....................#
..########..#####...............#
..#########.#...#...............#
...............................#
#................##.....#.....
#...........#.....##..####.##
#...........#...#....###
#<.........##...@g......
#..........#....########
#.......(....#### #..........###
#..........# ...######### ####


You could see Ijyb.

Vanquished Creatures
  7 adders
  A gnoll (D:1)
  An ooze (D:3)
  2 worms (D:3)
  2 dart slugs
  3 giant cockroaches (D:1)
  9 goblins
  6 hobgoblins
  3 jackals (D:1)
  8 kobolds
  8 bats
  8 frilled lizards
  13 rats
71 creatures vanquished.

Notes
Turn   | Place    | Note
-------+----------+-------------------------------------------
     0 | D:1      | inmateoo the Barachian Fighter began the quest for the Orb.
     0 | D:1      | Reached XP level 1. HP: 18/18 MP: 1/1
   126 | D:1      | Reached XP level 2. HP: 12/24 MP: 2/2
   449 | D:1      | Reached XP level 3. HP: 30/30 MP: 3/3
  1108 | D:2      | Reached XP level 4. HP: 34/37 MP: 4/4
  1895 | D:3      | Reached XP level 5. HP: 40/42 MP: 5/5
  1911 | D:3      | Found a radiant altar of Vehumet.
  1918 | D:3      | Found a stormy altar of Qazlal.
  2121 | D:3      | Noticed Ijyb
  2132 | D:3      | Killed from afar by Ijyb

Vault maps used:
D:1:      erik_arrival_orb_chamber, minmay_pentomino_t4
D:3:      minitemple, uniq_iyjb, uniq_grinder

Skill      XL: |  1  2  3  4 |
---------------+-------------+-----
Fighting       | 4 |  4.0
Axes           | 3 |  3.6
Armour         | 4 |  4.0
Shields        | |  3.9

Action                   |  1- 3 |  4- 6 || total
-------------------------+-------+-------++-------
Melee: War axe           |   138 |   132 ||   270
  Eat: Chunk             |       |     6 ||     6
Armor: Scale mail        |    47 |       ||    47
       Chain mail        |    23 |   113 ||   136
Dodge: Dodged            |    39 |    29 ||    68
Block: Shield            |    61 |    93 ||   154
